 Dungeon Crawl Stone Soup version 0.22-a0-469-gf26638a (webtiles) character file.

75 Laiders72 the Ruffian (level 4, 0/36 HPs)
             Began as a Draconian Transmuter on June 13, 2018.
             Succumbed to an adder's poison
             ... on level 3 of the Dungeon.
             The game lasted 00:04:53 (2393 turns).

Laiders72 the Ruffian (Draconian Transmuter)        Turns: 2393, Time: 00:04:54

Health: 0/36       AC:  8    Str: 13    XL:     4   Next: 11%
Magic:  4/7        EV: 12    Int: 14    God:
Gold:   54         SH:  0    Dex: 11    Spells: 1/7 levels left

rFire    . . .     SeeInvis .     - Unarmed
rCold    . . .     Gourm    .   (no shield)
rNeg     . . .     Faith    .   (armour unavailable)
rPois    .         Spirit   .   (helmet restricted)
rElec    .         Reflect  .   (no cloak)
rCorr    .         Harm     .   g - +2 pair of gloves (curse)
MR       .....                  (no boots)
Stlth    +.........             (no amulet)
HPRegen  0.12/turn              (no ring)
MPRegen  0.10/turn              (no ring)

@: lethally poisoned (0 -> -3)
A: unfitting armour, cold-blooded, AC +5
a: no special abilities


You were on level 3 of the Dungeon.
You were not hungry.

You visited 1 branch of the dungeon, and saw 3 of its levels.

You collected 54 gold pieces.

Inventory:

Missiles
 a - 52 arrows
Armour
 g - a cursed +2 pair of gloves (worn)
Scrolls
 b - 2 scrolls of teleportation {unknown}
 d - a scroll of remove curse {unknown}
 e - a scroll of amnesia {unknown}
Potions
 h - a potion of agility {unknown}
 i - a potion of heal wounds {unknown}
Comestibles
 c - 4 rations


   Skills:
 + Level 1.9 Fighting
 + Level 2.2 Dodging
 + Level 3.4 Unarmed Combat
 + Level 2.4 Spellcasting
 + Level 2.5 Transmutations
 * Level 1.1 Poison Magic


You had one spell level left.
You knew the following spells:

 Your Spells              Type           Power        Failure   Level  Hunger
a - Beastly Appendage     Tmut           #.....       9%          1    #......
b - Sticks to Snakes      Tmut           #.......     12%         2    ###....
c - Spider Form           Tmut/Pois      #.........   32%         3    ###....

Your spell library contained the following spells:

 Spells                   Type           Power        Failure   Level  Hunger
 Blade Hands              Tmut           #.........   92%         5    ######.
 Ice Form                 Ice/Tmut       #.......     80%         4    #####..


Dungeon Overview and Level Annotations

Branches:
Dungeon (3/15)

Altars:
Fedhas


Innate Abilities, Weirdness & Mutations

Your plain brown scales are hard. (AC +5)
You cannot fit into any form of body armour.
You are cold-blooded and may be slowed by cold attacks.


Message History

* * * LOW HITPOINT WARNING * * *
The adder closely misses you.
The frilled lizard unfolds its giant frill.
The adder bites you.
* * * LOW HITPOINT WARNING * * *
You are lethally poisoned!
The adder poisons you!
* * * LOW HITPOINT WARNING * * *
You feel sick. The adder misses you. The adder closely misses you.
The gnoll misses you. The adder barely misses you.
* * * LOW HITPOINT WARNING * * *
You feel sick. The adder barely misses you. The adder misses you.
The gnoll misses you.
The frilled lizard completely misses you.
The adder closely misses you. The adder barely misses you. The adder bites you.
* * * LOW HITPOINT WARNING * * *
The frilled lizard barely misses you. The gnoll barely misses you.
You die...

.##.######....####.....<.....#
#........#....# #####........#
#........#....# #............#
#........#....# #.....########
##.......#....# #.....#
##.......#....# #.....#
##.......#....# #.....#
....###### ############ ....#
#....@....# ....# #...SSl..$#
....# #..ggg....# ....####
#....$....#
.#......####.........#
.#......#..'.........#
.#......#.##...........
...................##..
#.#.####..#........# ..


You could see 3 gnolls, 2 adders and a frilled lizard.

Vanquished Creatures
  A gnoll (D:3)
  An adder (D:2)
  An ooze (D:1)
  2 worms (D:2)
  3 dart slugs
  A leopard gecko (D:3)
  3 goblins (D:1)
  5 hobgoblins
  5 jackals (D:1)
  4 bats
  4 frilled lizards
  6 kobolds
  10 rats
46 creatures vanquished.

Notes
Turn   | Place    | Note
-------+----------+-------------------------------------------
     0 | D:1      | Laiders72 the Draconian Transmuter began the quest for the Orb.
     0 | D:1      | Reached XP level 1. HP: 16/16 MP: 3/3
    91 | D:1      | Reached XP level 2. HP: 22/23 MP: 5/5
   263 | D:1      | Learned a level 2 spell: Sticks to Snakes
   597 | D:1      | Reached XP level 3. HP: 29/29 MP: 4/6
   912 | D:1      | Learned a level 3 spell: Spider Form
  1297 | D:2      | Found a blossoming altar of Fedhas.
  2335 | D:3      | Reached skill level 1 in Poison Magic
  2335 | D:3      | Reached XP level 4. HP: 29/36 MP: 1/7
  2392 | D:3      | HP: 1/36 [adder (2)]
  2393 | D:3      | Succumbed to an adder's poison

Vault maps used:
D:1:      dpeg_arrival_renting, minmay_misc_feat_columns
D:2:      fedhas_altar_3
D:3:      kennysheep_vampire_church, gammafunk_temple_overflow_elements

Skill      XL: |  1  2  3 |
---------------+----------+-----
Dodging        | 2 |  2.2
Poison Magic   | 1 |  1.1
Fighting       | |  1.9
Unarmed Combat | |  3.4
Spellcasting   | |  2.4
Transmutations | |  2.5

Action                   |  1- 3 |  4- 6 || total
-------------------------+-------+-------++-------
Melee: Unarmed           |   180 |     7 ||   187
       Tailslap          |    15 |     1 ||    16
       Kick              |     2 |       ||     2
       Punch             |     3 |       ||     3
 Cast: Beastly Appendage |     1 |       ||     1
       Sticks to Snakes  |     3 |     1 ||     4
  Use: Scroll            |     2 |       ||     2
       Potion            |       |     2 ||     2
  Eat: Chunk             |     5 |       ||     5
Armor: Skin              |    37 |     3 ||    40
Dodge: Dodged            |   104 |    25 ||   129

Table legend:
 A = Spawn XP
 B = Non-spawn XP
 C = Spawn XP percentage of total XP
 D = Spawn monster count
 E = Non-spawn monster count
 F = Spawn count percentage of total count
 G = Total turns spent on level
                    A         B        C        D         E        F      G
               +---------+---------+-------+---------+---------+-------+---------
         Total |       0 |     108 |   0.0 |       0 |      46 |   0.0 |  2393
               +---------+---------+-------+---------+---------+-------+---------
           D:1 |       0 |      50 |   0.0 |       0 |      27 |   0.0 |   927
           D:2 |       0 |      36 |   0.0 |       0 |      14 |   0.0 |  1193
           D:3 |       0 |      22 |   0.0 |       0 |       5 |   0.0 |   273
               +---------+---------+-------+---------+---------+-------+---------
